 Dungeon Crawl Stone Soup version 0.18.1-8-gdd0e5ea (webtiles) character file.

792 Hipnos the Firebug (level 7, -1/41 HPs)
             Began as a Gargoyle Fire Elementalist on May 22, 2016.
             Slain by an orc warrior
             ... wielding a +0 flail
              (20 damage)
             ... on level 5 of the Dungeon.
             The game lasted 00:17:48 (5262 turns).

Hipnos the Firebug (Gargoyle Fire Elementalist)     Turns: 5262, Time: 00:17:49

Health: -1/41      AC:  6    Str: 12    XL:     7   Next: 88%
Magic:  0/12       EV: 13    Int: 17    God:
Gold:   165        SH:  3    Dex: 10    Spells: 4 memorised, 3 levels left

rFire  . . .     SeeInvis .     g - +0 whip
rCold  + . .     Gourm    .     F - -1 robe (curse)
rNeg   + . .     Faith    .     (no shield)
rPois  ∞         Spirit   .     z - +0 helmet
rElec  +         Dismiss  .     (no cloak)
rCorr  .         Reflect  +     (no gloves)
SustAt .         Harm     .     (no boots)
MR     .....                    k - +3 amulet of reflection
Stlth  ++........               r - ring of wizardry
                                d - ring of protection from cold

@: very slightly contaminated, not resistant to hostile enchantments, unstealthy
A: blurry vision 1, negative energy resistance 1, robust 1, electricity
resistance, unbreathing, petrification resistance, rot immunity, AC +4
a: no special abilities


You were on level 5 of the Dungeon.
You were near starving.

You visited 1 branch of the dungeon, and saw 6 of its levels.

You collected 165 gold pieces.

Inventory:

Hand Weapons
 g - a +0 whip (weapon)
Armour
 a - a +0 robe
 z - a +0 helmet (worn)
 F - a cursed -1 robe (worn)
Jewellery
 d - a ring of protection from cold (left hand)
 k - a +3 amulet of reflection (around neck)
 r - a ring of wizardry (right hand)
 D - an uncursed ring of resist corrosion {unknown}
Scrolls
 f - 2 scrolls of teleportation
 h - 2 scrolls of noise
 i - a scroll of enchant armour {unknown}
 n - 4 scrolls of remove curse {unknown}
 p - 2 scrolls of random uselessness
 q - 2 scrolls of immolation {unknown}
 s - 2 scrolls of fear {unknown}
 t - a scroll of holy word {unknown}
 u - a scroll of magic mapping {unknown}
 w - a scroll of blinking {unknown}
 x - 3 scrolls of amnesia {unknown}
 y - a scroll of recharging {unknown}
 C - a scroll of enchant weapon {unknown}
Potions
 e - 3 potions of cancellation
 j - 2 potions of heal wounds
 l - 2 potions of mutation {unknown}
 m - a potion of beneficial mutation {unknown}
 A - 2 potions of might {unknown}
 B - a potion of curing
 G - a potion of magic {unknown}
Books
 b - a book of Flames

   Spells                             Type                      Level
   a - Flame Tongue                   Conjuration/Fire             1
   b - Throw Flame                    Conjuration/Fire             2
   c - Conjure Flame                  Conjuration/Fire             3
   d - Inner Flame                    Hexes/Fire                   3
   e - Sticky Flame                   Conjuration/Fire             4
   f - Fireball                       Conjuration/Fire             5
Comestibles
 c - 7 bread rations
 o - a beef jerky
 v - 2 meat rations


   Skills:
 + Level 1.5 Fighting
 + Level 4.4 Dodging
 - Level 2.1 Stealth
 + Level 3.7 Spellcasting
 + Level 3.2 Conjurations
 * Level 5.5 Fire Magic


You had 3 spell levels left.
You knew the following spells:

 Your Spells              Type           Power        Failure   Level  Hunger
a - Flame Tongue          Conj/Fire      ###..        1%          1    None
b - Throw Flame           Conj/Fire      ###...       1%          2    ##.....
c - Conjure Flame         Conj/Fire      ###.....     4%          3    ###....
d - Sticky Flame          Conj/Fire      ###.....     12%         4    ####...


Dungeon Overview and Level Annotations

Branches:
Dungeon (6/15)
 Temple: D:4-7

Altars:
Fedhas
Kikubaaqudgha
Qazlal
Trog
Xom
The Shining One

Shops:
D:4 !

Annotations:
D:3 Tux's ghost, novice KoAr


Innate Abilities, Weirdness & Mutations

You are resistant to torment.
Your stone body is resilient (AC +4).
You are immune to poison.
You resist negative energy.
You are resistant to electric shocks.
You can survive without breathing.
You are immune to petrification.
You are immune to rotting.
Scrolls take you a little longer to read.
You are robust (+10% HP).


Message History

The orc warrior burns!
The orc warrior stops burning.
Casting: Sticky Flame
Confirm with . or Enter, or press ? or * to list all spells.
Aiming: Flame Tongue
Press: ? - help, Shift-Dir - straight line, f/p - orc warrior
Aim: an orc warrior, wielding a flail and wearing a chain mail (severely wounded)
The flame tongue hits the orc warrior.
The orc warrior is almost dead.
You see here a dagger.
The crimson imp blinks!
The crimson imp blinks!
Casting: Flame Tongue
Confirm with . or Enter, or press ? or * to list all spells.
Aiming: Flame Tongue
Press: ? - help, Shift-Dir - straight line, f/p - orc warrior
Aim: an orc warrior, wielding a flail and wearing a chain mail (severely wounded)
The flame tongue hits the orc warrior.
The orc warrior appears unharmed.
The orc warrior is severely wounded.
The orc warrior hits you with a flail!!
You die...

#........[).##<#
#..#.#
#.########.###.#
#..#.# #.# #.#
#.# #..#.# #.#
#.# #.# ......
#.# #.# #..
...... #.# #.#
### #..### #.#
#.# #.# #o#
#######.# #@#
........# #.#
#######.# #..
#.# #### ###


You could see an orc warrior.

Vanquished Creatures
  An ice beast (D:5)
  A sky beast (D:4)
  A centaur (D:5)
  A giant frog (D:5)
  A water moccasin zombie (D:5)
  2 hounds
  4 orc wizards
  2 worker ants
  A killer bee zombie (D:5)
  2 hound skeletons (D:4)
  3 gnolls (D:3)
  5 adders
  An ooze (D:1)
  A worm (D:3)
  4 dart slugs
  A giant gecko (D:4)
  8 orcs
  2 ball pythons (D:2)
  2 giant cockroaches
  3 goblins
  5 hobgoblins
  2 jackals (D:3)
  5 kobolds
  A quokka (D:3)
  4 bats (D:2)
  A giant gecko skeleton (D:5)
  4 giant newts
  A quokka zombie (D:5)
  6 rats
75 creatures vanquished.

Notes
Turn   | Place    | Note
--------------------------------------------------------------
     0 | D:1      | Hipnos the Gargoyle Fire Elementalist began the quest for the Orb.
     0 | D:1      | Reached XP level 1. HP: 10/10 MP: 3/3
   398 | D:1      | Reached XP level 2. HP: 14/15 MP: 5/5
   870 | D:2      | Reached XP level 3. HP: 19/19 MP: 6/6
  1355 | D:2      | Reached skill level 4 in Fire Magic
  1459 | D:3      | Reached XP level 4. HP: 24/24 MP: 4/7
  1826 | D:3      | Noticed Tux's ghost (novice KoAr)
  2366 | D:3      | Found a glowing golden altar of the Shining One.
  2366 | D:3      | Found a bloodstained altar of Trog.
  2367 | D:3      | Found a shimmering altar of Xom.
  2391 | D:3      | Reached XP level 5. HP: 28/28 MP: 5/8
  2999 | D:4      | Found Osmolum's Distillery.
  3412 | D:4      | Reached XP level 6. HP: 29/33 MP: 1/10
  3803 | D:4      | Noticed a sky beast
  3846 | D:4      | Killed a sky beast
  3846 | D:4      | Reached skill level 1 in Fighting
  3852 | D:4      | Gained mutation: Scrolls take you a little longer to read. [mutagenic meat]
  3853 | D:4      | Gained mutation: You are robust (+10% HP). [mutagenic meat]
  3887 | D:5      | Entered Level 5 of the Dungeon
  4014 | D:4      | Reached skill level 5 in Fire Magic
  4125 | D:5      | Found a stormy altar of Qazlal.
  4160 | D:5      | Noticed an ice beast
  4168 | D:5      | Killed an ice beast
  4168 | D:5      | Reached XP level 7. HP: 32/41 MP: 5/12
  4172 | D:5      | Learned a level 2 spell: Throw Flame
  4176 | D:5      | Learned a level 3 spell: Conjure Flame
  4181 | D:5      | Learned a level 4 spell: Sticky Flame
  4513 | D:5      | Found a blossoming altar of Fedhas.
  4513 | D:5      | Found an ancient bone altar of Kikubaaqudgha.
  5262 | D:5      | Slain by an orc warrior

Skill      XL: |  1  2  3  4  5  6  7 |
---------------+----------------------+-----
Dodging        | 2 3 4 |  4.4
Fire Magic     | 4 5 |  5.5
Fighting       | 1 |  1.5
Spellcasting   | 3 |  3.7
Conjurations   | 2 3 |  3.2
Stealth        | |  2.1

Action                   |  1- 3 |  4- 6 |  7- 9 || total
-------------------------+-------+-------+-------++-------
Melee: Whip              |    61 |    76 |   166 ||   303
       Unarmed           |     1 |       |       ||     1
 Cast: Flame Tongue      |    32 |   110 |    47 ||   189
       Sticky Flame      |       |       |     1 ||     1
  Use: Scroll            |       |     5 |       ||     5
       Potion            |       |       |     1 ||     1
 Stab: Sleeping          |     4 |     1 |       ||     5
  Eat: Chunk             |     2 |    11 |     3 ||    16
Armor: Robe              |    36 |    57 |    59 ||   152
Dodge: Dodged            |    63 |    89 |   123 ||   275
Block: Other             |       |     3 |    34 ||    37
